 Dungeon Crawl Stone Soup version 0.29-a0-824-gd827844252 (webtiles) character file.

Game seed: 5035481288769382808

4070 indigestion the Charlatan (level 10, -6/63 HPs)
             Began as an Octopode Fire Elementalist on July 10, 2022.
             Was a Follower of Vehumet.
             Mangled by a vampire (9 damage)
             ... on level 8 of the Dungeon.
             The game lasted 00:47:01 (8231 turns).

indigestion the Charlatan (OpFE)                    Turns: 8231, Time: 00:47:01

Health: -6/63      AC:  1    Str:  9    XL:     10   Next: 25%
Magic:  17/20      EV: 13    Int: 27    God:    Vehumet [*.....]
Gold:   307        SH:  0    Dex: 12    Spells: 15/22 levels left

rFire   + . .      SeeInvis .   i - staff of death
rCold   . . .      Faith    .   (no shield)
rNeg    + . .      Spirit   .   (helmet restricted)
rPois   .          Reflect  .   q - amulet of regeneration
rElec   .          Harm     .   f - ring of willpower
rCorr   .          Rampage  .   F - ring of protection from fire
Will    ++...                   H - ring of willpower
Stlth   +++.......              I - +6 ring of intelligence
HPRegen 1.00/turn               M - ring of flight
MPRegen 0.17/turn               (no ring)
                                (no ring)
                                (no ring)

@: flying
A: almost no armour, amphibious, 8 rings, camouflage 1, gelatinous body 1,
(nimble swimmer 1), tentacles
a: Renounce Religion


You were on level 8 of the Dungeon.
You worshipped Vehumet.
Vehumet was aware of your devotion.
You visited 2 branches of the dungeon, and saw 9 of its levels.
You also visited: Bailey.

You collected 357 gold pieces.
You spent 50 gold pieces at shops.

Inventory:

Hand Weapons
 d - a +2 vorpal hand axe
 m - a +3 scythe
 x - a +0 vampiric dagger
 z - a +1 short sword of venom
 A - the +5 sling "Bole" {flame, Fragile Will+++ Str+4 Dex-5}
   (You found it on level 4 of the Dungeon)

   Any ammunition fired from it burns those it strikes, dealing additional fire
   damage.
   Str:       It affects your strength (+4).
   Dex:       It affects your dexterity (-5).
   Fragile:   It will be destroyed if unequipped.
   Will:      It greatly increases your willpower.
 N - a +4 spear
Armour
 r - an orb of energy
 C - a +0 buckler
Magical Staves
 i - a staff of death (weapon)
Jewellery
 f - a ring of willpower (left tentacle)
 q - an amulet of regeneration (around mantle)
 u - an amulet of the acrobat
 F - a ring of protection from fire (right tentacle)
 H - a ring of willpower (on tentacle)
 I - a +6 ring of intelligence (on tentacle)
 M - a ring of flight (on tentacle)
Wands
 w - a wand of polymorph (7)
 B - a wand of flame (4)
 K - a wand of light (8)
 L - a wand of iceblast (17)
Scrolls
 c - 2 scrolls of identify
 e - a scroll of enchant weapon {unknown}
 h - a scroll of poison {unknown}
 j - a scroll of silence {unknown}
 n - a scroll of magic mapping {unknown}
 s - 2 scrolls of noise {unknown}
 v - a scroll of amnesia {unknown}
 y - 4 scrolls of teleportation
 G - a scroll of enchant armour {unknown}
 J - a scroll of brand weapon {unknown}
 O - a scroll of immolation {unknown}
Potions
 a - a potion of magic
 b - a potion of lignification {unknown}
 g - a potion of invisibility
 k - 2 potions of might
 l - 2 potions of ambrosia
 o - a potion of degeneration {unknown}
 p - a potion of curing
 t - 4 potions of brilliance
 D - a potion of haste {unknown}
 E - a potion of flight {unknown}


   Skills:
 - Level 3.1 Fighting
 - Level 3.1 Axes
 * Level 2.8 Staves
 - Level 2.5 Dodging
 - Level 3.6 Stealth
 + Level 6.8 Spellcasting
 - Level 4.4 Conjurations
 + Level 5.3 Hexes
 - Level 4.0 Necromancy
 - Level 4.1 Fire Magic
 - Level 7.0 Evocations


You had 15 spell levels left.
You knew the following spells:

 Your Spells              Type           Power      Damage    Failure   Level
a - Foxfire               Conj/Fire      100%       2x1d9     1%          1
b - Scorch                Fire           62%        2d8       1%          2
c - Necrotise             Necr           100%       1d9       1%          1
d - Inner Flame           Hex/Fire       34%        N/A       2%          3

Your spell library contained the following spells:

 Spells                   Type           Power      Damage    Failure   Level
 Freeze                   Ice            36%        1d6       6%          1
 Conjure Flame            Conj/Fire      32%        6-21      3%          3
 Vampiric Draining        Necr           46%        2d9       3%          3
 Ignite Poison            Fire/Tmut/Pois 16%        N/A       10%         3
 Flame Wave               Conj/Fire      32%        2d8       10%         4
 Sticky Flame             Conj/Fire      32%        2d5       10%         4
 Agony                    Necr           46%        N/A       32%         5


Dungeon Overview and Level Annotations

Branches:
Dungeon (8/15)             Temple (1/1) D:7          Bailey (visited)
   Lair: D:8-11

Altars:
Ashenzari
Dithmenos
Elyvilon
Fedhas
Gozag
Hepliaklqana
Kikubaaqudgha
Okawaru
Qazlal
Ru
Trog
Uskayaw
Vehumet
Xom
Zin
The Shining One

Shops:
D:4 ?   D:6 (=(


Innate Abilities, Weirdness & Mutations

You cannot wear most types of armour.
You are amphibious.
You can wear up to eight rings at the same time.
Your skin changes colour to match your surroundings (Stealth+).
Your rubbery body absorbs attacks. (AC +1, EV +1)
((You are camouflaged when in or above water. (Stealth+)))
You have tentacles for arms and can constrict up to eight enemies at once.


Message History

The vampire gestures wildly while chanting.
The vampire flickers and vanishes!
Deactivating autopickup; reactivate with Ctrl-A.
The foxfire hits something but does no damage.
Casting: Foxfire (safe; 1% risk of failure)
Confirm with . or Enter, or press ? or * to list all spells.
You can't see any susceptible monsters within range! (Use Z to cast anyway.)
Casting: Foxfire (safe; 1% risk of failure)
Confirm with . or Enter, or press ? or * to list all spells.
You can't see any susceptible monsters within range! (Use Z to cast anyway.)
Casting: Foxfire (safe; 1% risk of failure)
Confirm with . or Enter, or press ? or * to list all spells.
You conjure some foxfire!
Casting: Foxfire (safe; 1% risk of failure)
Confirm with . or Enter, or press ? or * to list all spells.
You can't see any susceptible monsters within range! (Use Z to cast anyway.)
Casting: Foxfire (safe; 1% risk of failure)
Confirm with . or Enter, or press ? or * to list all spells.
You don't know that spell.
Your foxfire dissipates!
There is an open door here.
Your foxfire dissipates!
Casting: Foxfire (safe; 1% risk of failure)
Confirm with . or Enter, or press ? or * to list all spells.
You conjure some foxfire!
The foxfire hits something.
You closely miss something.
The foxfire hits something.
Something hits you! Something bites you! Something hits you!
Something bites you.
Something draws strength from your injuries!
Casting: Foxfire (safe; 1% risk of failure)
Confirm with . or Enter, or press ? or * to list all spells.
You conjure some foxfire!
Something hits you!
* * * LOW HITPOINT WARNING * * *
Something bites you!
* * * LOW HITPOINT WARNING * * *
Something draws strength from your injuries!
Something hits you.
* * * LOW HITPOINT WARNING * * *
Something bites you!
You die...

###
####.[.....[...##.<....
#......#....###...##
#####....###### ###.#
#......#...########.#
#..###..###..........##
.<.......###########...#
..#####..#### ###.z
###.....# #..
#v@.###.##########.
#'#v##..........##.
#.###............## ...
#.............#
.....##............#
.......##...........#
....#....##..........#
⌠...# #...⌠##.........#
##... ...##.........##


There were no monsters in sight!

Vanquished Creatures
  Sigmund (D:3)
  A steam dragon (D:7)
  3 yaks (D:8)
  2 water moccasins
  2 sky beasts (D:7)
  A black bear (D:6)
  5 orc warriors (Bailey)
  2 centaurs
  A phantom (D:7)
  7 kobold brigands
  A bullfrog (D:6)
  7 scorpions
  10 wights
  A howler monkey (D:5)
  A crimson imp (D:5)
  2 hounds
  3 orc priests (D:6)
  3 jellies
  A gnoll bouda (D:5)
  4 iguanas
  An orc wizard (D:6)
  Robin (D:4)
  4 gnolls
  8 adders
  2 white imps (D:5)
  An ufetubus (D:5)
  2 worms
  A dart slug (D:4)
  6 orcs
  8 endoplasms
  3 giant cockroaches
  15 goblins
  6 hobgoblins
  7 jackals
  18 kobolds
  4 quokkas
  7 ball pythons
  2 bats (D:1)
  4 frilled lizards
  5 rats
163 creatures vanquished.

Vanquished Creatures (others)
  481 foxfires
481 creatures vanquished.

Grand Total: 644 creatures vanquished

Notes
Turn   | Place    | Note
-------+----------+-------------------------------------------
     0 | D:1      | indigestion the Octopode Fire Elementalist began the quest
                  | for the Orb.
     0 | D:1      | Reached XP level 1. HP: 11/11 MP: 3/3
   513 | D:1      | Reached XP level 2. HP: 17/17 MP: 3/5
   666 | D:1      | Found a faded altar of an unknown god.
  1240 | D:2      | Reached XP level 3. HP: 21/21 MP: 2/6
  1695 | D:2      | Reached XP level 4. HP: 25/27 MP: 7/7
  1765 | D:2      | Learned a level 2 spell: Scorch
  1767 | D:2      | Learned a level 1 spell: Necrotise
  1771 | D:2      | Learned a level 3 spell: Inner Flame
  2292 | D:3      | Found a glowing silver altar of Zin.
  2523 | D:3      | Noticed Sigmund
  2568 | D:3      | Killed Sigmund
  2569 | D:3      | Reached skill level 2 in Evocations
  2569 | D:3      | Reached XP level 5. HP: 21/31 MP: 0/9
  2569 | D:3      | Reached XP level 6. HP: 25/36 MP: 0/10
  2999 | D:4      | Noticed Robin
  3008 | D:4      | Killed Robin
  3329 | D:4      | Reached skill level 1 in Fighting
  3329 | D:4      | Reached skill level 1 in Axes
  3391 | D:4      | Identified the +5 sling "Bole" {flame, Fragile Will+++
                  | Str+4 Dex-5}
  3492 | D:4      | Found Zeevvug's Magic Scroll Emporium.
  3502 | D:4      | Bought a scroll of teleportation for 30 gold pieces
  3502 | D:4      | Bought a scroll of identify for 20 gold pieces
  3603 | D:4      | Found a white marble altar of Elyvilon.
  3674 | D:5      | Entered Level 5 of the Dungeon
  3685 | D:5      | Reached XP level 7. HP: 43/43 MP: 7/12
  3756 | D:5      | Reached skill level 3 in Evocations
  4373 | D:5      | Reached XP level 8. HP: 51/51 MP: 11/14
  4982 | D:6      | Found a sacrificial altar of Ru.
  5013 | D:6      | Reached skill level 4 in Evocations
  5072 | D:6      | Found Dixemaxu's Jewellery Shoppe.
  5079 | D:6      | Found Yfryu's Antique Weapon Shoppe.
  5263 | D:6      | Found Gefrapenud's Antique Weapon Boutique.
  5490 | D:6      | Found a glowing golden altar of the Shining One.
  5499 | D:6      | Reached skill level 1 in Hexes
  5582 | D:6      | Reached skill level 1 in Necromancy
  5881 | D:7      | Reached skill level 5 in Spellcasting
  5881 | D:7      | Reached skill level 5 in Evocations
  6002 | D:7      | Reached XP level 9. HP: 30/56 MP: 9/16
  6130 | D:7      | Found a staircase to the Ecumenical Temple.
  6138 | Temple   | Entered the Ecumenical Temple
  6349 | Temple   | Became a worshipper of Vehumet
  7202 | D:8      | Reached skill level 6 in Evocations
  7221 | D:8      | HP: 1/48 [wight/+0 scimitar (3)]
  7225 | D:8      | Found a flagged portal.
  7245 | Bailey   | Entered a bailey
  7455 | Bailey   | Reached * piety under Vehumet
  7455 | Bailey   | Offered knowledge of Freeze by Vehumet.
  7607 | Bailey   | Reached skill level 7 in Evocations
  7607 | Bailey   | Reached XP level 10. HP: 14/63 MP: 7/19
  7693 | Bailey   | Found a bloodstained altar of Trog.
  7864 | D:8      | Reached skill level 1 in Staves
  7864 | D:8      | Reached skill level 5 in Hexes
  8231 | D:8      | HP: 3/63 [something (3)]
  8231 | D:8      | Mangled by a vampire

Illustrated notes

Levels and vault maps discovered:
D:1:      wander_arrival_chamber, layout_basic, nicolae_ecumenical_lake_church,
          minivault_11
D:2:      layout_rooms, moated_statue
D:3:      layout_rooms, mainiacjoe_overflow_brackets, st_stairs_12, uniq_sigmund
D:4:      layout_rooms, elyvilon_altar_4, serial_shops, nicolae_lakefront_shop,
          uniq_robin
D:5:      layout_loops_ring, minmay_fire_ice_demons
D:6:      layout_basic, makhleb_heckhound_becter, nicolae_ru_awakened_eye,
          kennysheep_little_box, serial_shops, shop, nicolae_square_shop,
          nicolae_shop_statue_plus, shop
D:7:      layout_gridville, minmay_temple_entry_statues
D:8:      layout_rooms, amethyst_overflow_temple_binary, enter_bailey_6,
          nzn_life_drinkers
Temple:   nicolae_temple_slightly_damp_pantheon

Skill      XL: |  1  2  3  4  5  6  7  8  9 10 |
---------------+-------------------------------+-----
Stealth        | 3 |  3.6
Conjurations   | 2 3 4 |  4.4
Spellcasting   | 3 4 5 6 |  6.8
Fire Magic     | 4 |  4.1
Evocations     | 2 3 5 7 |  7.0
Fighting       | 1 2 3 |  3.1
Axes           | 1 2 3 |  3.1
Hexes          | 2 4 5 |  5.3
Necromancy     | 2 4 |  4.0
Staves         | 2 |  2.8
Dodging        | |  2.5

Action                   |  1- 3 |  4- 6 |  7- 9 | 10-12 || total
-------------------------+-------+-------+-------+-------++-------
Melee: Unarmed           |     6 |       |       |       ||     6
       Hand axe          |    24 |    33 |    47 |     2 ||   106
       Constrict         |     5 |     7 |    10 |     1 ||    23
       Punch             |     2 |       |     1 |     1 ||     4
       Tentacles         |     5 |     4 |     8 |     2 ||    19
       Staff             |       |       |       |     4 ||     4
 Cast: Foxfire           |    37 |    47 |   168 |    26 ||   278
       Scorch            |       |    11 |    43 |     3 ||    57
       Necrotise         |       |     1 |     1 |       ||     2
       Inner Flame       |       |       |    13 |     7 ||    20
  Use: Scroll            |       |     7 |     5 |     2 ||    14
       Potion            |       |     1 |     5 |     1 ||     7
 Stab: Sleeping          |     5 |     8 |     1 |       ||    14
Armor: Skin              |     2 |     5 |     8 |     1 ||    16
Dodge: Dodged            |    25 |    25 |    84 |    10 ||   144

Table legend: (Time is in decaauts)
 A = Elapsed time spent in this place.
 B = Non-inter-level travel time spent in this place.
 C = Inter-level travel time spent in this place.
 D = Time resting spent in this place.
 E = Time spent auto-exploring this place.
 F = Levels seen in this place.
 G = Mean time per level.
                   A        B        C        D        E       F      G
               +--------+--------+--------+--------+--------+-----+--------+
         Total |   8284 |   8096 |    188 |   2467 |   3689 |  10 |  828.4 |
       Dungeon |   7545 |   7357 |    188 |   2222 |   3500 |   8 |  943.1 |
        Temple |    230 |    230 |      0 |      0 |    157 |   1 |  230.0 |
        Bailey |    508 |    508 |      0 |    245 |     32 |   1 |  508.0 |
               +--------+--------+--------+--------+--------+-----+--------+

Top non-repeatable levels by time:
     D:5: 1254 daAuts
     D:1: 1188 daAuts
     D:7: 1167 daAuts
     D:2: 985 daAuts
     D:4: 787 daAuts
     D:6: 760 daAuts
     D:3: 728 daAuts
     D:8: 672 daAuts
  Bailey: 508 daAuts
  Temple: 230 daAuts
